 Dungeon Crawl Stone Soup version 0.19.5 (webtiles) character file.

8167 frotz the Grappler (level 11, -9/101 HPs)
             Began as a Troll Fighter on May 8, 2017.
             Mangled by a redback (15 damage)
             ... on level 1 of the Spider Nest.
             The game lasted 00:51:26 (8971 turns).

frotz the Grappler (Troll Fighter)                  Turns: 8971, Time: 00:51:27

Health: -9/101     AC:  6    Str: 26    XL:     11   Next: 6%
Magic:  10/10      EV: 11    Int:  6    God:
Gold:   463        SH: 10    Dex: 10    Spells: 0 memorised, 10 levels left

rFire  . . .     SeeInvis .       - Unarmed
rCold  . . .     Gourm    +     i - +2 robe {rN+}
rNeg   + . .     Faith    .     b - +0 shield
rPois  +         Spirit   .     (helmet restricted)
rElec  .         Reflect  .     (no cloak)
rCorr  .         Harm     .     (gloves unavailable)
MR     .....                    (boots unavailable)
Stlth  ++........               (no amulet)
                                o - ring of poison resistance
                                h - ring of wizardry

@: about to teleport
A: unfitting armour, claws 3, clever 1, clumsy 1, deformed body, fast metabolism
3, gourmand, regeneration 1, shaggy fur 1, tough skin 2
a: no special abilities


You were on level 1 of the Spider Nest.
You were full.

You visited 3 branches of the dungeon, and saw 12 of its levels.

You collected 463 gold pieces.

Inventory:

Hand Weapons
 m - a +3 long sword
 y - a +2 mace of protection
Armour
 a - a +0 robe
 b - a +0 shield (worn)
 i - a +2 robe of positive energy (worn)
Jewellery
 g - the amulet "Toastrah" {Harm *Drain rPois rC+ Str-2}
   (You found it on level 7 of the Dungeon)

   [amulet of harm]

   It increases damage dealt and taken.
   It affects your strength (-2).
   It protects you from cold.
   It protects you from poison.
   It causes draining when unequipped.
 h - a ring of wizardry (left claw)
 j - an uncursed ring of wizardry
 o - a ring of poison resistance (right claw)
 p - an uncursed ring of flight
 s - a +3 ring of protection {unknown}
 z - a +4 ring of intelligence {unknown}
 F - a +1 ring of protection {unknown}
Wands
 c - a wand of heal wounds (5/9)
 e - a wand of random effects (13/48)
 f - a wand of disintegration (6/24)
 u - a wand of flame (18/48)
 B - a wand of digging (17/24)
 E - a wand of flame (32/48)
Scrolls
 k - 2 scrolls of identify
 n - a scroll of silence {unknown}
 q - 2 scrolls of teleportation
 r - a scroll of magic mapping {unknown}
 x - 2 scrolls of amnesia
 C - a scroll of summoning {unknown}
 G - 2 scrolls of remove curse
Potions
 l - 2 potions of ambrosia
 t - 2 potions of flight
 v - 2 potions of curing
 w - a potion of cancellation
 A - a potion of brilliance
 D - 2 potions of invisibility {unknown}
Comestibles
 d - 3 bread rations


   Skills:
 + Level 4.6 Fighting
 + Level 6.2 Dodging
 + Level 2.3 Stealth
 + Level 7.2 Shields
 + Level 11.9 Unarmed Combat


You had 10 spell levels left.
You didn't know any spells.

Dungeon Overview and Level Annotations

Branches:
Dungeon (9/15)             Temple (0/1) D:6            Lair (2/6) D:9
 Spider (1/4) Lair:2
  Swamp: Lair:2-4    Shoals: Lair:2-4       Orc: D:9-12

Altars:
Cheibriados
Ru

Shops:
D:8 (

Annotations:
D:8 Prince Ribbit


Innate Abilities, Weirdness & Mutations

You are too large for most types of armour.
You have claws for hands.
Your metabolism is lightning-fast.
You like to eat raw meat.
Your natural rate of healing is unusually fast.
You are covered in fur. (AC +1)
You have very tough skin. (AC +2)
Your mind is acute. (Int +2)
You are clumsy. (Dex -2)
Armour fits poorly on your strangely shaped body.


Message History

You feel very sick. The redback bites you.
* * * LOW HITPOINT WARNING * * *
The redback bites you.
* * * LOW HITPOINT WARNING * * *
The redback bites you!
* * * LOW HITPOINT WARNING * * *
Unknown command.
You mangle the redback!!
You kill the redback!
* * * LOW HITPOINT WARNING * * *
You feel very sick. You block the redback's attack. x2
* * * LOW HITPOINT WARNING * * *
You feel very sick. You block the redback's attack. x2
You feel better. The redback bites you.
* * * LOW HITPOINT WARNING * * *
The redback bites you!
You die...

..............##....###
...............##.....#####
................#......#..##
................##..^...^..##
.................#..^.......#
###..............##..###....#
##...####......##### ##.>##
#.###..#......# #...##
###....#..##s@# ##...#
#....####.s## #..^#
#......#..## ##...##
#.......## ##.....###
####......# #........#
#........## #.........
#.....#..## #......##. .....
#### ###....#.. .... ######^.


You could see 2 redbacks.

Vanquished Creatures
  A wolf spider (Spider:1)
  Maurice (D:8)
  Joseph (D:7)
  2 spiny frogs (Lair:1)
  5 komodo dragons
  2 demonic crawlers (Spider:1)
  A jumping spider (Spider:1)
  A two-headed ogre (D:8)
  A redback (Spider:1)
  A yak (D:9)
  Duvessa (D:7)
  A porcupine (Lair:1)
  An orc warrior (D:6)
  4 sky beasts
  2 ice beasts
  An ogre (D:5)
  A phantom (D:8)
  3 wolves (Lair:1)
  4 centaurs
  3 crocodiles (Lair:1)
  A big kobold (D:7)
  6 bullfrogs
  Dowan (D:7)
  3 scorpions
  3 howler monkeys (D:8)
  A crimson imp (D:6)
  2 bullfrog zombies (D:4)
  A quasit (D:6)
  2 bullfrog skeletons (D:4)
  A centaur zombie (D:4)
  A centaur skeleton (D:8)
  3 orc priests
  Crazy Yiuf (D:7)
  8 hounds
  3 jellies
  7 iguanas
  6 orc wizards
  7 worker ants
  A hound zombie (D:4)
  A hound skeleton (D:3)
  A worker ant zombie (D:4)
  6 gnolls
  10 adders
  3 shadow imps
  3 oozes
  4 adder skeletons
  4 adder zombies
  2 worms (D:2)
  A dart slug (D:2)
  8 leopard geckos
  11 orcs
  A ball python (D:4)
  5 giant cockroaches
  6 goblins
  A hobgoblin (D:2)
  6 jackals
  3 quokkas
  12 bats
  4 frilled lizards
  A giant cockroach zombie (D:4)
  3 jackal skeletons
  A jackal zombie (D:4)
  11 kobolds
  A leopard gecko zombie (D:4)
  3 quokka skeletons
  2 quokka zombies (D:4)
  A rat (D:1)
  A fungus (Lair:1)
  A plant (D:9)
  3 withered plants (D:4)
215 creatures vanquished.

Vanquished Creatures (others)
  2 plants (D:9)
2 creatures vanquished.

Grand Total: 217 creatures vanquished

Notes
Turn   | Place    | Note
-------+----------+-------------------------------------------
     0 | D:1      | frotz the Troll Fighter began the quest for the Orb.
     0 | D:1      | Reached XP level 1. HP: 22/22 MP: 0/0
   280 | D:1      | Reached XP level 2. HP: 29/29 MP: 1/1
  1083 | D:2      | Reached XP level 3. HP: 10/36 MP: 2/2
  1272 | D:2      | Found a snail-covered altar of Cheibriados.
  1723 | D:2      | Reached skill level 3 in Unarmed Combat
  1723 | D:2      | Reached XP level 4. HP: 44/44 MP: 3/3
  2595 | D:4      | Reached XP level 5. HP: 50/50 MP: 4/4
  2828 | D:4      | Reached skill level 4 in Unarmed Combat
  2918 | D:4      | Reached XP level 6. HP: 57/59 MP: 5/5
  3293 | D:4      | Reached skill level 5 in Unarmed Combat
  3570 | D:4      | Reached XP level 7. HP: 50/67 MP: 6/6
  3716 | D:5      | Entered Level 5 of the Dungeon
  3842 | D:5      | Found a sacrificial altar of Ru.
  3863 | D:5      | Reached skill level 6 in Unarmed Combat
  4158 | D:5      | Reached XP level 8. HP: 67/75 MP: 7/7
  4355 | D:6      | Reached skill level 5 in Shields
  4359 | D:6      | Reached skill level 1 in Stealth
  4372 | D:6      | Reached skill level 7 in Unarmed Combat
  4771 | D:6      | Found a staircase to the Ecumenical Temple.
  4883 | D:6      | Reached skill level 8 in Unarmed Combat
  5105 | D:7      | Noticed Duvessa
  5105 | D:7      | Noticed Dowan
  5118 | D:7      | Killed Duvessa
  5118 | D:7      | Reached XP level 9. HP: 66/84 MP: 8/8
  5122 | D:7      | Killed Dowan
  5184 | D:7      | Got a bound ruby amulet
  5439 | D:7      | Found a runed door.
  5443 | D:7      | Noticed Crazy Yiuf
  5447 | D:7      | Killed Crazy Yiuf
  5526 | D:7      | Noticed Joseph
  5549 | D:7      | Killed Joseph
  5549 | D:7      | Reached skill level 5 in Dodging
  5644 | D:7      | Reached skill level 9 in Unarmed Combat
  6475 | D:8      | Noticed Maurice
  6483 | D:8      | Killed Maurice
  6514 | D:8      | Found Lepeg's Weapon Emporium.
  6864 | D:8      | Noticed Prince Ribbit
  7160 | D:8      | Reached XP level 10. HP: 38/92 MP: 9/9
  7252 | D:8      | Identified the amulet "Toastrah" {Harm *Drain rPois rC+ Str-2} (You found it on level 7 of the Dungeon)
  7284 | D:9      | Reached skill level 10 in Unarmed Combat
  7303 | D:9      | Gained mutation: Armour fits poorly on your strangely shaped body. [potion of mutation]
  7303 | D:9      | Gained mutation: You are clumsy. (Dex -2) [potion of mutation]
  7303 | D:9      | Gained mutation: Your mind is acute. (Int +2) [potion of mutation]
  7513 | D:9      | Found a staircase to the Lair.
  7614 | Lair:1   | Entered Level 1 of the Lair of Beasts
  7614 | Lair:1   | Noticed a spiny frog
  7621 | Lair:1   | Killed a spiny frog
  7883 | Lair:1   | Noticed a spiny frog
  7890 | Lair:1   | Killed a spiny frog
  7926 | Lair:1   | Reached skill level 11 in Unarmed Combat
  8407 | Lair:2   | Found a hole to the Spider Nest.
  8419 | Spider:1 | Entered Level 1 of the Spider Nest
  8441 | Spider:1 | Noticed a wolf spider
  8451 | Spider:1 | Killed a wolf spider
  8458 | Spider:1 | Reached XP level 11. HP: 13/101 MP: 10/10
  8969 | Spider:1 | HP: 4/101 [poisoned by a redback]
  8970 | Spider:1 | HP: 1/101 [poisoned by a redback]
  8971 | Spider:1 | Mangled by a redback

Skill      XL: |  1  2  3  4  5  6  7  8  9 10 |
---------------+-------------------------------+-----
Shields        | 3 4 5 6 7 |  7.2
Unarmed Combat | 3 4 5 6 8 9 11 | 11.9
Dodging        | 3 4 5 6 |  6.2
Fighting       | 3 4 |  4.6
Stealth        | 1 2 |  2.3

Action                   |  1- 3 |  4- 6 |  7- 9 | 10-12 || total
-------------------------+-------+-------+-------+-------++-------
Melee: Unarmed           |   112 |   225 |   355 |   146 ||   838
  Use: Scroll            |     6 |       |     8 |     4 ||    18
       Potion            |     2 |     3 |    11 |     3 ||    19
 Stab: Sleeping          |       |       |     1 |     2 ||     3
  Eat: Chunk             |    13 |     4 |    33 |    12 ||    62
       Fruit             |     2 |     3 |       |     2 ||     7
       Bread ration      |       |     2 |       |       ||     2
       Beef jerky        |       |     1 |       |     1 ||     2
       Meat ration       |       |       |       |     1 ||     1
Armor: Robe              |    49 |    41 |    97 |     9 ||   196
Dodge: Dodged            |    62 |    62 |   144 |    46 ||   314
Block: Shield            |    82 |    78 |   187 |    66 ||   413
